 Dungeon Crawl Stone Soup version 0.23.2-33-g5129a83184 (webtiles) character file.

Game seed: 4252521269323006376

1636 shadizar the Digger (level 8, -1/49 HPs)
             Began as a Gargoyle Earth Elementalist on June 30, 2019.
             Hit by a tomahawk thrown by an orc warrior (8 damage)
             ... on level 6 of the Dungeon.
             The game lasted 00:17:33 (7279 turns).

shadizar the Digger (Gargoyle Earth Elementalist)   Turns: 7279, Time: 00:17:34

Health: -1/49      AC: 11    Str: 12    XL:     8   Next: 98%
Magic:  14/15      EV: 13    Int: 18    God:
Gold:   207        SH:  0    Dex: 10    Spells: 8/17 levels left

rFire    . . .     SeeInvis .   E - +4 rapier (venom)
rCold    . . .     Gourm    .   (no shield)
rNeg     + . .     Faith    .   c - +0 robe
rPois    ∞         Spirit   .   (no helmet)
rElec    +         Reflect  .   G - +0 cloak
rCorr    .         Harm     .   H - +0 pair of gloves
MR       .....                  h - +0 pair of boots
Stlth    +++.......             (no amulet)
HPRegen  0.16/turn              t - ring of stealth
MPRegen  0.14/turn              (no ring)

@: no status effects
A: negative energy resistance 1, electricity resistance, unbreathing,
petrification resistance, rot immunity, AC +5
a: no special abilities


You were on level 6 of the Dungeon.
You were not hungry.

You visited 2 branches of the dungeon, and saw 7 of its levels.
You also visited: Sewer.

You collected 207 gold pieces.

Inventory:

Hand Weapons
 a - a +0 club
 l - a cursed -1 whip
 w - a +0 mace
 E - a +4 rapier of venom (weapon)
Missiles
 b - 102 stones (quivered)
 r - 28 sling bullets
Armour
 c - a +0 robe (worn)
 h - a +0 pair of boots (worn)
 G - a +0 cloak (worn)
 H - a +0 pair of gloves (worn)
 M - a cursed +0 robe
Jewellery
 t - a ring of stealth (left hand)
 I - an uncursed ring of poison resistance {unknown}
 J - an uncursed amulet of the gourmand {unknown}
Wands
 u - a wand of disintegration (15)
 D - a wand of enslavement (8)
Scrolls
 e - 5 scrolls of identify
 i - 7 scrolls of teleportation
 j - 2 scrolls of random uselessness {unknown}
 k - a scroll of amnesia {unknown}
 n - 6 scrolls of remove curse {unknown}
 o - 3 scrolls of fear {unknown}
 p - 3 scrolls of enchant weapon {unknown}
 s - 2 scrolls of noise {unknown}
 x - 2 scrolls of fog {unknown}
 y - 2 scrolls of blinking {unknown}
 B - 2 scrolls of immolation {unknown}
 C - a scroll of enchant armour {unknown}
Potions
 f - 2 potions of heal wounds {unknown}
 g - 2 potions of agility
 m - a potion of brilliance {unknown}
 q - 4 potions of flight {unknown}
 v - a potion of degeneration
 z - 3 potions of invisibility {unknown}
 A - 2 potions of might {unknown}
 F - a potion of ambrosia {unknown}
 L - a potion of curing {unknown}
Comestibles
 d - 7 rations


   Skills:
 + Level 5.3 Fighting
 + Level 2.0 Short Blades
 - Level 3.1 Maces & Flails
 + Level 3.5 Armour
 + Level 3.3 Dodging
 - Level 2.1 Stealth
 + Level 5.0 Spellcasting
   Level 0.7 Transmutations
 + Level 7.0 Earth Magic


You had 8 spell levels left.
You knew the following spells:

 Your Spells              Type           Power        Failure   Level  Hunger
a - Sandblast             Erth           ####..       1%          1    None
b - Lee's Rapid Deconstr  Erth           ####......   21%         5    ######.
c - Stone Arrow           Conj/Erth      ###...       10%         3    ##.....

Your spell library contained the following spells:

 Spells                   Type           Power        Failure   Level  Hunger
 Passwall                 Tmut/Erth      ###.....     4%          2    #......
 Petrify                  Tmut/Erth      ###.....     26%         4    ####...


Dungeon Overview and Level Annotations

Branches:
Dungeon (6/15)             Temple (1/1) D:4

Altars:
Cheibriados
Dithmenos
Elyvilon
Fedhas
Gozag
Hepliaklqana
Kikubaaqudgha
Makhleb
Nemelex Xobeh
Okawaru
Ru
Sif Muna
Uskayaw
Wu Jian
Xom
Yredelemnul


Innate Abilities, Weirdness & Mutations

You are resistant to torment.
Your stone body is resilient. (AC +5)
You are immune to poison.
You resist negative energy. (rN+)
You are resistant to electric shocks. (rElec)
You can survive without breathing.
You are immune to petrification.
You are immune to rotting.


Message History

You see here an iguana corpse.
You barely miss the orc warrior. The orc warrior barely misses you.
You puncture the orc warrior!
The orc warrior is poisoned.
The orc warrior is moderately wounded.
The orc warrior hits you with a +0 flail!
Casting: Sandblast (safe; 1% risk of failure)
Confirm with . or Enter, or press ? or * to list all spells.
Aiming: Sandblast (safe; 1% risk of failure)
Press: ? - help, Shift-Dir - straight line, f - orc warrior
Aim: an orc warrior, wielding a +0 flail and wearing a +0 plate armour (moderately wounded, poisoned)
The blast of sand hits the orc warrior but does no damage.
The orc warrior is moderately wounded.
b - 102 stones The orc warrior hits you with a +0 flail!
* * * LOW HITPOINT WARNING * * *
You see here a tomahawk.
The orc warrior throws a tomahawk.
The tomahawk misses you.
There is an open door here.
The orc warrior throws a tomahawk.
The tomahawk hits you!
You die...

#.. #.. ... .. #.# ###
#.. ######+# #..
#.###......# #..
#o†('...(..#########..
#####@.............'..
#......#########..
#.>............'..
##'#+#.#########..
#########'#.#.........'..
#........(..###########..
#........................
#...........#############
#........................


You could see an orc warrior.

Vanquished Creatures
  Grinder (D:3)
  Eustachio (D:4)
  An orc warrior (D:6)
  An ice beast (D:6)
  A sky beast (D:5)
  A phantom (D:6)
  An ogre (D:6)
  2 centaurs (D:6)
  A bullfrog (D:6)
  2 crimson imps (D:5)
  2 hounds
  A jelly (D:6)
  3 orc wizards (D:4)
  2 iguanas
  2 worker ants
  A hound skeleton (D:4)
  2 howler monkey zombies (D:5)
  A howler monkey skeleton (D:2)
  8 adders
  3 oozes
  3 adder skeletons (D:2)
  4 worms (D:2)
  6 dart slugs
  3 leopard geckos
  6 orcs
  2 ball pythons
  14 bats
  A bat skeleton (D:2)
  3 bat zombies (D:2)
  11 giant cockroaches
  6 goblins
  9 hobgoblins
  14 jackals
  9 kobolds
  A quokka (D:4)
  7 frilled lizards
  3 giant cockroach zombies (D:2)
  A jackal skeleton (D:2)
  9 rats
149 creatures vanquished.

Notes
Turn   | Place    | Note
-------+----------+-------------------------------------------
     0 | D:1      | shadizar the Gargoyle Earth Elementalist began the quest
                  | for the Orb.
     0 | D:1      | Reached XP level 1. HP: 10/10 MP: 3/3
    94 | D:1      | Reached XP level 2. HP: 11/16 MP: 0/5
   160 | D:1      | Reached skill level 1 in Fighting
   468 | D:1      | Reached skill level 4 in Earth Magic
   654 | D:1      | Reached XP level 3. HP: 13/20 MP: 6/6
  1206 | D:2      | Found an opulent altar of Gozag.
  1276 | D:2      | Reached skill level 1 in Maces & Flails
  1328 | D:2      | Reached XP level 4. HP: 9/26 MP: 5/7
  2719 | D:2      | Reached XP level 5. HP: 25/30 MP: 9/9
  3098 | D:3      | Found a hazy altar of Hepliaklqana.
  3148 | D:3      | Noticed Grinder
  3162 | D:3      | Paralysed by Grinder for 7 turns
  3172 | D:3      | Killed Grinder
  3172 | D:3      | Reached skill level 5 in Earth Magic
  3172 | D:3      | Reached XP level 6. HP: 10/37 MP: 0/11
  3302 | D:3      | Found a glowing drain.
  3452 | Sewer    | Entered a sewer
  3544 | Sewer    | Learned a level 5 spell: Lee's Rapid Deconstruction
  4702 | D:4      | Found a hide-covered altar of Uskayaw.
  4714 | D:4      | Noticed a +0 hand axe
  4715 | D:4      | Noticed a +0 dagger
  4726 | D:4      | Reached XP level 7. HP: 30/42 MP: 5/12
  4822 | D:4      | Found a staircase to the Ecumenical Temple.
  4833 | Temple   | Entered the Ecumenical Temple
  5120 | D:4      | Reached skill level 1 in Armour
  5451 | D:4      | Found a shimmering altar of Xom.
  5492 | D:4      | Noticed Eustachio
  5539 | D:4      | Killed Eustachio
  5539 | D:4      | Reached skill level 6 in Earth Magic
  5709 | D:5      | Entered Level 5 of the Dungeon
  5760 | D:5      | Learned a level 3 spell: Stone Arrow
  5818 | D:5      | Found a sparkling altar of Nemelex Xobeh.
  6422 | D:5      | Reached XP level 8. HP: 34/48 MP: 12/14
  6506 | D:5      | Found a deep blue altar of Sif Muna.
  6787 | D:6      | Reached skill level 1 in Short Blades
  6852 | D:6      | Reached skill level 5 in Fighting
  7231 | D:6      | Reached skill level 5 in Spellcasting
  7231 | D:6      | Reached skill level 7 in Earth Magic
  7279 | D:6      | Hit by a tomahawk thrown by an orc warrior

Skill      XL: |  1  2  3  4  5  6  7  8 |
---------------+-------------------------+-----
Fighting       | 1 2 3 4 5 |  5.3
Earth Magic    | 4 5 6 7 |  7.0
Maces & Flails | 1 2 3 |  3.1
Spellcasting   | 3 4 5 |  5.0
Armour         | 2 3 |  3.5
Dodging        | 2 3 |  3.3
Short Blades   | 2 |  2.0
Stealth        | |  2.1
Transmutations | |  0.7

Action                   |  1- 3 |  4- 6 |  7- 9 || total
-------------------------+-------+-------+-------++-------
Melee: Unarmed           |    30 |       |       ||    30
       Club              |   127 |   205 |       ||   332
       Mace              |       |   150 |   251 ||   401
       Rapier            |       |       |    81 ||    81
 Cast: Sandblast         |     6 |    43 |    32 ||    81
  Use: Scroll            |       |     3 |       ||     3
 Stab: Sleeping          |     4 |     5 |     5 ||    14
  Eat: Chunk             |     2 |    12 |     6 ||    20
       Ration            |       |       |     1 ||     1
Armor: Robe              |    78 |   224 |   127 ||   429
Dodge: Dodged            |   167 |   333 |   217 ||   717
